cohdb
Replays
Latest Replays
All Replays
Popular Replays
Top Player Replays
Match Explorer
How It Works
Community
CoH3 Stats
Reddit
Sign in to upload your games and track your stats! →
Sign in with Steam
Match 46010774
Unlisted
Match 46010774
Overview
Messages
Build Orders
End
Kradschützen Motorcycle Team
Selects Italian Combined Arms Battlegroup
Selects Bersaglieri Squad
Bersaglieri Squad
Bersaglieri Squad
Panzergrenadier Squad
Construct Light Support Kompanie
MG34 Team
Selects Bersaglieri Bolster
Construct Mechanized Kompanie
8 Rad Armored Car
Panzerjäger Mechanized Group
Nostalgi@
Evilstealer
0
0
Comments
sign in to comment!
No comments posted yet!